 Dungeon Sprint DCSS version 0.21.0-3-g78d12a8 (webtiles) character file.

16 sanboga the Chopper (level 2, -6/36 HPs)
             Began as a Demonspawn Monk on Jan 17, 2018.
             Was a Priest of Trog.
             Mangled by a worker ant (8 damage)
             ... in the Dungeon (Sprint VII: "The Pits").
             The game lasted 00:01:01 (288 turns).

sanboga the Chopper (Demonspawn Monk)                Turns: 288, Time: 00:01:02

Health: -6/36      AC:  2    Str: 16    XL:     2   Next: 41%
Magic:  0/2        EV: 13    Int: 11    God:    Trog [***...]
Gold:   0          SH:  0    Dex: 15    Spells: 1/1 levels left

rFire    . . .     SeeInvis .   j - +2 hand axe
rCold    . . .     Gourm    .   (no shield)
rNeg     . . .     Faith    .   b - +0 robe
rPois    .         Spirit   +   (no helmet)
rElec    .         Reflect  .   (no cloak)
rCorr    .         Harm     .   (no gloves)
MR       .....     NoTele   +   (no boots)
Stlth    ..........             (no amulet)
HPRegen  0.12/turn              (no ring)
MPRegen  0.08/turn              (no ring)

@: berserking, very quick
A: magic shield
a: Berserk, Trog's Hand, Burn Spellbooks, Renounce Religion


You were in the Dungeon.
You worshipped Trog.
Trog was most pleased with you.
You were not hungry.

You visited 1 branch

Inventory:

Hand Weapons
 j - a +2 hand axe (weapon)
Armour
 b - a +0 robe (worn)
Scrolls
 i - a scroll of blinking
 k - 3 scrolls of remove curse
 l - a scroll of summoning
Potions
 a - 2 potions of invisibility
 d - a potion of curing
 e - a potion of heal wounds
 f - a potion of haste
 g - 4 potions of magic
 h - 3 potions of berserk rage
Comestibles
 c - 9 rations


   Skills:
 - Level 3.0 Fighting
 + Level 5.3 Axes
 - Level 2.6 Dodging
 - Level 1.7 Stealth


You had one spell level left.
You didn't know any spells.

Dungeon Overview and Level Annotations

Branches:
Dungeon (1/1)

Altars:
Ashenzari
Cheibriados
Dithmenos
Elyvilon
Fedhas
Gozag
Hepliaklqana
Kikubaaqudgha
Makhleb
Nemelex Xobeh
Okawaru
Qazlal
Ru
Sif Muna
Trog
Uskayaw
Vehumet
Wu Jian
Xom
Yredelemnul
Zin
The Shining One
Beogh
Jiyva
Lugonu

Annotations:
D Prince Ribbit


Innate Abilities, Weirdness & Mutations

When hurt, damage is shared between your health and your magic reserves.


Message History

Prince Ribbit is lightly wounded.
You closely miss the orc. You slash the adder skeleton!
The orc closely misses you. Prince Ribbit barely misses you.
The adder skeleton bites you but does no damage.
You slash Prince Ribbit!
Prince Ribbit is moderately wounded.
You slash the orc!
You kill the orc!
Trog accepts your kill.
Your Axes skill increases to level 5!
You barely miss the adder skeleton. Prince Ribbit hits you!
You closely miss Prince Ribbit.
Prince Ribbit is moderately wounded.
You hit the adder skeleton.
You destroy the adder skeleton!
Trog accepts your kill.
You hit the worker ant. Prince Ribbit hits you!!
* * * LOW HITPOINT WARNING * * *
The worker ant bites you!
You die...

#.?(.')))'.##......#..#.
##########.##...........
#..........†'...........
#+#####'#####......#..#.
#.....##...........
#####)#####'#####++
#.....##.......#
#.....##.......#
###@####.......#
#.Fa..##...<...#
........##.......#
#........##.......#
###########.......#
#########


You could see Prince Ribbit and a worker ant.

Vanquished Creatures
  An ufetubus (D)
  An adder skeleton (D)
  2 orcs (D)
  A ball python (D)
  A quokka (D)
  A frilled lizard (D)
7 creatures vanquished.

Notes
Turn   | Place    | Note
-------+----------+-------------------------------------------
     0 | D        | sanboga the Demonspawn Monk began the quest for the Orb.
     0 | D        | Reached XP level 1. HP: 18/18 MP: 1/1
    15 | D        | Reached skill level 3 in Axes
    35 | D        | Found a bloodstained altar of Trog.
    35 | D        | Found a deep blue altar of Sif Muna.
    35 | D        | Found a viscous altar of Jiyva.
    35 | D        | Found a hazy altar of Hepliaklqana.
    35 | D        | Found an opulent altar of Gozag.
    36 | D        | Found a glowing golden altar of the Shining One.
    36 | D        | Found a glowing silver altar of Zin.
    36 | D        | Found a basalt altar of Yredelemnul.
    36 | D        | Found a shimmering altar of Xom.
    36 | D        | Found an ornate altar of the Wu Jian Council.
    36 | D        | Found a sacrificial altar of Ru.
    36 | D        | Found a stormy altar of Qazlal.
    36 | D        | Found an iron altar of Okawaru.
    36 | D        | Found a sparkling altar of Nemelex Xobeh.
    36 | D        | Found a burning altar of Makhleb.
    36 | D        | Found a blossoming altar of Fedhas.
    36 | D        | Found a white marble altar of Elyvilon.
    36 | D        | Found a shadowy altar of Dithmenos.
    36 | D        | Found a snail-covered altar of Cheibriados.
    38 | D        | Found a radiant altar of Vehumet.
    38 | D        | Found a corrupted altar of Lugonu.
    38 | D        | Found a roughly hewn altar of Beogh.
    39 | D        | Found a hide-covered altar of Uskayaw.
    39 | D        | Found an ancient bone altar of Kikubaaqudgha.
    39 | D        | Found a shattered altar of Ashenzari.
    44 | D        | Became a worshipper of Trog the Wrathful
    44 | D        | Reached * piety under Trog
    44 | D        | Reached ** piety under Trog
    84 | D        | Reached skill level 4 in Axes
   273 | D        | Gained mutation: When hurt, damage is shared between your health and your magic reserves. [demonic ancestry]
   273 | D        | Reached XP level 2. HP: 24/24 MP: 2/2
   276 | D        | Reached *** piety under Trog
   283 | D        | Noticed Prince Ribbit
   287 | D        | Reached skill level 5 in Axes
   288 | D        | Mangled by a worker ant

Skill      XL: |  1  2 |
---------------+-------+-----
Axes           | 4 5 |  5.3
Fighting       | |  3.0
Dodging        | |  2.6
Stealth        | |  1.7

Action                   || total
-------------------------++-------
Melee: Hand axe          ||    22
Invok: Berserk           ||     2
 Stab: Sleeping          ||     1
Armor: Robe              ||     4
Dodge: Dodged            ||    32
